 Dungeon Crawl Stone Soup version 0.19-a0-975-gfff5315 (webtiles) character file.

7673 Amnesiac the Destroyer (level 11, -21/64 HPs)
             Began as a Tengu Air Elementalist on July 13, 2016.
             Was an Elder of Sif Muna.
             Demolished by an orc knight
             ... wielding a +0 war axe
              (33 damage)
             ... in a bailey.
             The game lasted 00:32:39 (13458 turns).

Amnesiac the Destroyer (Tengu Air Elementalist)    Turns: 13458, Time: 00:32:39

Health: -21/64     AC: 12    Str:  8    XL:     11   Next: 18%
Magic:  3/26       EV: 20    Int: 20    God:    Sif Muna [****..]
Gold:   629        SH:  0    Dex: 18    Spells: 4 memorised, 16 levels left

rFire  + . .     SeeInvis .     y - +3 dagger (protect)
rCold  + . .     Gourm    .     a - +2 robe {rC+}
rNeg   . . .     Faith    .     (no shield)
rPois  .         Spirit   .     (helmet restricted)
rElec  .         Dismiss  .     F - +1 cloak
rCorr  .         Reflect  .     n - +0 pair of gloves
SustAt .         Harm     .     (boots unavailable)
MR     .....                    (no amulet)
Stlth  ++........               E - +4 ring of dexterity
                                f - ring of protection from fire

@: flying quickly and evasively, repel missiles, divine energy, quick, not
resistant to hostile enchantments, unstealthy
A: beak, talons 3, able to fly 1
a: Stop Divine Energy, Channel Magic, Forget Spell, Renounce Religion


You were in a bailey.
You worshipped Sif Muna.
Sif Muna was greatly pleased with you.
You were very hungry.

You visited 2 branches of the dungeon, and saw 11 of its levels.
You also visited: Bailey.

You collected 629 gold pieces.

Inventory:

Hand Weapons
 g - the +9 heavy crossbow "Sniper" {velocity, nevermiss, SInv}
   (You found it on level 7 of the Dungeon)

   Any bolt fired from it inflicts extra damage.
   It lets you see invisible.
 y - a +3 dagger of protection (weapon)
 A - a +1 flail of draining
 L - a +0 morningstar of protection
Missiles
 K - 65 bolts
Armour
 a - a +2 robe of cold resistance (worn)
 n - a +0 pair of gloves (worn)
 F - a +1 cloak (worn)
 N - a +1 robe of magic resistance
Magical Staves
 e - an uncursed staff of conjuration {unknown}
Jewellery
 f - a ring of protection from fire (left hand)
 E - a +4 ring of dexterity (right hand)
 H - an uncursed ring of positive energy
Wands
 s - a wand of disintegration (15/24)
 G - a wand of flame (34/48)
Scrolls
 d - 4 scrolls of remove curse
 l - a scroll of magic mapping
 t - a scroll of enchant weapon
 u - 2 scrolls of recharging
 w - 2 scrolls of teleportation {unknown}
 J - a scroll of amnesia
 M - 3 scrolls of acquirement
Potions
 o - 3 potions of cancellation
 p - 3 potions of mutation
 q - a potion of resistance
 D - 4 potions of might
Books
 b - a book of Air

   Spells                             Type                      Level
   a - Shock                          Conjuration/Air              1
   b - Swiftness                      Charms/Air                   2
   c - Repel Missiles                 Charms/Air                   2
   d - Static Discharge               Conjuration/Air              3
   e - Lightning Bolt                 Conjuration/Air              5
 r - a book of the Sky

   Spells                             Type                      Level
   a - Summon Lightning Spire         Summoning/Air                4
   b - Airstrike                      Air                          4
   c - Silence                        Hexes/Air                    5
   d - Deflect Missiles               Charms/Air                   6
   e - Conjure Ball Lightning         Conjuration/Air              6
   f - Tornado                        Air                          9
 v - a book of Necromancy

   Spells                             Type                      Level
   a - Pain                           Necromancy                   1
   b - Animate Skeleton               Necromancy                   1
   c - Vampiric Draining              Necromancy                   3
   d - Regeneration                   Charms/Necromancy            3
   e - Animate Dead                   Necromancy                   4
   f - Control Undead                 Necromancy                   4
Comestibles
 c - 8 bread rations
 h - 13 royal jellies


   Skills:
 - Level 5.2 Fighting
 - Level 6.5 Dodging
 - Level 2.0 Stealth
 - Level 10.0 Spellcasting
 - Level 10.0 Conjurations
 - Level 10.0 Air Magic
 + Level 1.5 Invocations


You had 16 spell levels left.
You knew the following spells:

 Your Spells              Type           Power        Failure   Level  Hunger
a - Repel Missiles        Chrm/Air       ####..       1%          2    None
b - Static Discharge      Conj/Air       ######..     1%          3    None
f - Lightning Bolt        Conj/Air       ######....   3%          5    ####...
z - Airstrike             Air            ######....   1%          4    ##.....


Dungeon Overview and Level Annotations

Branches:
Dungeon (10/15)            Temple (1/1) D:6             Orc (0/2) D:9
   Lair: D:8-11

Altars:
Ashenzari
Cheibriados
Dithmenos
Elyvilon
Fedhas
Kikubaaqudgha
Makhleb
Nemelex Xobeh
Okawaru
Pakellas
Qazlal
Ru
Sif Muna
Trog
Uskayaw
Vehumet
Xom
Zin
The Shining One
Jiyva

Shops:
D:4 %   D:8 }


Innate Abilities, Weirdness & Mutations

You have a beak for a mouth.
You have claws for feet.
You can fly.


Message History

It is a scroll of amnesia.
Forget which spell ([?*] list [ESC] exit)?
Your memory of Shock unravels.
The orc barely misses you. The orc completely misses you.
The goblin misses you.
As you read the scroll labeled BUAHUQ NOUCZUR, it crumbles to dust.
It is a scroll of enchant weapon.
Enchant which weapon? (? for menu, Esc to quit)
Your +2 dagger of protection glows red for a moment.
The orc knight roars a battlecry!
The orc warrior barely misses you.
The goblin shouts!
Okay, then.
Okay, then.
Unknown command.
As you read the scroll labeled SESTADD QIKLIU, it crumbles to dust.
The scroll dissolves into smoke.
It was a scroll of fog.
The goblin hits you but does no damage.
The orc knight hits you with a war axe!!
Ouch! That really hurt!
You die...

###.....### ###.
##.........###...
#...........#....
#...........'..o.
#o....⌠.....#....
#.o.........#....
#ooo........#....
###gog......###...
###@#§#.....###
###. #§ogoo###.###
## #..§§§oo..###
#..........8#
#..........8#
#∩....⌠.....'.
#..........8#..
#?........g8##.
##?........###


You could see an orc warlord, an orc knight, an orc warrior, 2 orcs and a
goblin.

Vanquished Creatures
  A queen bee (D:9)
  2 slime creatures (D:9)
  A vampire (D:9)
  3 hippogriffs
  A hungry ghost (D:8)
  3 ice beasts
  15 orc warriors
  A sky beast (D:7)
  4 phantoms
  4 ogres
  3 centaurs
  5 giant frogs
  2 water moccasin zombies
  A water moccasin skeleton (D:5)
  24 killer bees (D:9)
  A scorpion (D:6)
  2 howler monkeys
  5 wights (D:8)
  3 electric eels (D:9)
  2 giant frog zombies
  4 hounds
  A jelly (D:8)
  A centaur skeleton (D:8)
  A giant frog skeleton (D:5)
  10 orc priests
  4 iguanas
  16 orc wizards
  4 worker ants
  A hound zombie (D:5)
  3 hound skeletons
  13 gnolls
  A howler monkey skeleton (D:4)
  12 adders
  A shadow imp (D:6)
  An adder zombie (D:6)
  2 adder skeletons
  A dart slug (D:1)
  3 worms
  5 giant geckos
  64 orcs
  4 giant cockroaches
  20 hobgoblins
  8 jackals
  10 kobolds
  5 quokkas
  2 bats (D:2)
  A giant gecko zombie (D:6)
  9 giant newts
  23 goblins
  9 rats
322 creatures vanquished.

Notes
Turn   | Place    | Note
-------+----------+-------------------------------------------
     0 | D:1      | Amnesiac the Tengu Air Elementalist began the quest for the Orb.
     0 | D:1      | Reached XP level 1. HP: 10/10 MP: 4/4
    85 | D:1      | Reached XP level 2. HP: 15/15 MP: 4/6
   550 | D:1      | Reached XP level 3. HP: 19/19 MP: 5/7
   555 | D:1      | Learned a level 3 spell: Static Discharge
   558 | D:1      | Learned a level 2 spell: Repel Missiles
  1030 | D:2      | Found a sacrificial altar of Ru.
  1331 | D:2      | Reached XP level 4. HP: 24/24 MP: 0/8
  1528 | D:2      | You fall through a shaft for 2 floors!
  1536 | D:4      | Found a shattered altar of Ashenzari.
  1550 | D:4      | Reached skill level 5 in Air Magic
  1746 | D:3      | Gained mutation: You can fly. [Tengu growth]
  1746 | D:3      | Reached XP level 5. HP: 22/28 MP: 2/9
  2138 | D:3      | Reached skill level 5 in Conjurations
  3144 | D:4      | Found Amoezu's Food Emporium.
  3375 | D:5      | Entered Level 5 of the Dungeon
  3396 | D:5      | Reached XP level 6. HP: 20/32 MP: 2/10
  3617 | D:5      | Found a stormy altar of Qazlal.
  3620 | D:5      | Noticed a fire elemental
  3620 | D:5      | Noticed a water elemental
  3620 | D:5      | Noticed an air elemental
  3761 | D:5      | Noticed a phantom
  3773 | D:5      | Killed a phantom
  3874 | D:5      | Reached XP level 7. HP: 22/36 MP: 4/13
  3951 | D:5      | Found a burning altar of Makhleb.
  4577 | D:5      | Found a blossoming altar of Fedhas.
  4637 | D:5      | Reached XP level 8. HP: 28/41 MP: 1/15
  4955 | D:6      | Found a staircase to the Ecumenical Temple.
  4964 | Temple   | Entered the Ecumenical Temple
  4982 | Temple   | Became a worshipper of Sif Muna the Loreminder
  5100 | D:6      | Found a white marble altar of Elyvilon.
  5158 | D:6      | Reached skill level 5 in Spellcasting
  5689 | D:6      | Found an oddly glowing altar of Pakellas.
  5709 | D:6      | Reached * piety under Sif Muna
  5793 | D:6      | Learned a level 4 spell: Airstrike
  5799 | D:6      | Learned a level 5 spell: Lightning Bolt
  5841 | D:6      | Reached skill level 10 in Conjurations
  6480 | D:7      | Reached XP level 9. HP: 44/45 MP: 8/17
  6485 | D:7      | Found a radiant altar of Vehumet.
  6492 | D:7      | Gained mutation: You are frail. (-10% HP) [mutagenic meat]
  6495 | D:7      | Lost mutation: You are frail. (-10% HP) [mutagenic meat]
  6540 | D:7      | Found an ancient bone altar of Kikubaaqudgha.
  6753 | D:7      | Reached ** piety under Sif Muna
  6843 | D:7      | Found an iron altar of Okawaru.
  7030 | D:7      | Reached skill level 10 in Air Magic
  7706 | D:8      | Found a hide-covered altar of Uskayaw.
  8298 | D:8      | Found Uffyph Zega's Gadget Boutique.
  8793 | D:8      | Reached *** piety under Sif Muna
  9050 | D:8      | Reached XP level 10. HP: 50/50 MP: 0/23
 10215 | D:9      | Reached skill level 10 in Spellcasting
 11042 | D:9      | Reached skill level 5 in Dodging
 11742 | D:9      | Reached **** piety under Sif Muna
 11865 | D:9      | Reached skill level 1 in Fighting
 12131 | D:9      | Found a staircase to the Orcish Mines.
 12248 | D:9      | Reached XP level 11. HP: 51/60 MP: 0/26
 12596 | D:10     | Entered Level 10 of the Dungeon
 12713 | D:10     | Found a flagged portal.
 12753 | Bailey   | Entered a bailey
 13263 | Bailey   | Reached skill level 5 in Fighting
 13338 | Bailey   | Reached skill level 1 in Invocations
 13394 | Bailey   | Noticed an orc knight
 13450 | Bailey   | Noticed an orc knight
 13452 | Bailey   | Noticed an orc warlord
 13452 | Bailey   | Identified 4 scrolls of acquirement
 13458 | Bailey   | Demolished by an orc knight

Vault maps used:
D:1:      shiori_arrival_oz
D:2:      lemuel_doored_altar, first_bread
D:3:      portal_sewer_entry_e
D:4:      ashenzari_altar_1, serial_shops, shop, serial_glass, glass_columns_a,
          glass_columns_b, glass_columns_b, glass_columns_a
D:5:      nicolae_qazlal_style_of_elements, lemuel_round_altar,
          overflow_temple_1_default
D:6:      kennysheep_mini, elyvilon_altar_4
D:7:      kiku_gazebo_garden_becter, okawaru_trees_1, vehumet_altar_wand_db
D:8:      overflow_temple_1_default, serial_shops, shop_coins, serial_glass,
          glass_columns_a, glass_columns_b
D:9:      erik_orc_2
D:10:     enter_bailey_8, the_bakery, uniq_joseph
Temple:   pf_slimified_temple
Bailey:   bailey_axe_minmay_hex_keep, bailey

Skill      XL: |  1  2  3  4  5  6  7  8  9 10 11 |
---------------+----------------------------------+-----
Conjurations   | 2 3 4 5 7 10 | 10.0
Air Magic      | 5 6 7 9 10 | 10.0
Spellcasting   | 3 4 5 8 10 | 10.0
Dodging        | 6 |  6.5
Fighting       | 3 5 |  5.2
Invocations    | 1 |  1.5
Stealth        | |  2.0

Action                   |  1- 3 |  4- 6 |  7- 9 | 10-12 || total
-------------------------+-------+-------+-------+-------++-------
Melee: Dagger            |       |       |    35 |    19 ||    54
       Kick              |       |       |    10 |     5 ||    15
       Peck              |       |       |     9 |     3 ||    12
       Morningstar       |       |       |       |    37 ||    37
 Cast: Shock             |    83 |    93 |   152 |     3 ||   331
       Repel Missiles    |     1 |       |     2 |       ||     3
       Static Discharge  |       |     3 |    13 |       ||    16
       Airstrike         |       |       |    97 |   187 ||   284
       Lightning Bolt    |       |       |     7 |    22 ||    29
Invok: Divine Energy     |       |       |     1 |       ||     1
       Channel Magic     |       |       |       |     2 ||     2
 Abil: Fly               |       |       |       |     2 ||     2
Evoke: Wand              |       |       |       |     1 ||     1
  Use: Potion            |       |       |       |     7 ||     7
       Scroll            |       |       |       |    15 ||    15
  Eat: Chunk             |     2 |    10 |    22 |    13 ||    47
       Beef jerky        |       |       |     2 |     1 ||     3
       Pizza             |       |       |     2 |     1 ||     3
       Royal jelly       |       |       |     2 |     1 ||     3
       Meat ration       |       |       |       |     2 ||     2
Armor: Robe              |       |     4 |    23 |    37 ||    64
       Skin              |       |       |       |   139 ||   139
Dodge: Dodged            |     4 |    21 |    54 |   147 ||   226
       Deflected         |       |       |     4 |     1 ||     5
